 Dungeon Crawl Stone Soup version 0.19-a0-1291-gc8f5409 (webtiles) character file.

131 PurpleRed the Conjurer (level 4, -1/24 HPs)
             Began as a Deep Elf Conjurer on Aug 30, 2016.
             Slain by Pikel
             ... wielding a +0 whip of freezing
              (9 damage)
             ... on level 4 of the Dungeon.
             The game lasted 00:06:46 (988 turns).

PurpleRed the Conjurer (Deep Elf Conjurer)           Turns: 988, Time: 00:06:47

Health: -1/24      AC:  3    Str:  5    XL:     4   Next: 91%
Magic:  8/12       EV: 13    Int: 21    God:
Gold:   76         SH:  0    Dex: 15    Spells: 2 memorised, 8 levels left

rFire  . . .     SeeInvis .     o - +2 quarterstaff (chaos)
rCold  . . .     Gourm    .     a - +0 robe
rNeg   . . .     Faith    .     (shield currently unavailable)
rPois  .         Spirit   .     (no helmet)
rElec  .         Dismiss  .     p - +0 cloak
rCorr  .         Reflect  .     (no gloves)
MR     .....     Harm     .     (no boots)
Stlth  ++........               (no amulet)
                                (no ring)
                                (no ring)

@: no status effects
A: no striking features
a: no special abilities


You were on level 4 of the Dungeon.
You were not hungry.

You visited 1 branch of the dungeon, and saw 4 of its levels.

You collected 76 gold pieces.

Inventory:

Hand Weapons
 h - a +2 hunting sling of flaming
 i - a +0 short sword
 o - a +2 quarterstaff of chaos (weapon)
Armour
 a - a +0 robe (worn)
 p - a +0 cloak (worn)
Wands
 l - a wand of paralysis (11/24)
Scrolls
 e - 2 scrolls of teleportation
 k - 4 scrolls of fog
 q - a scroll of recharging {unknown}
Potions
 d - a potion of berserk rage {unknown}
 m - a potion of invisibility
 n - a potion of curing {unknown}
Books
 b - a book of Conjurations

   Spells                             Type                      Level
   a - Magic Dart                     Conjuration                  1
   b - Searing Ray                    Conjuration                  2
   c - Dazzling Spray                 Conjuration/Hexes            3
   d - Fulminant Prism                Conjuration/Hexes            4
   e - Iskenderun's Mystic Blast      Conjuration                  4
   f - Iskenderun's Battlesphere      Conjuration/Charms           5
Comestibles
 c - 4 bread rations
 f - a royal jelly
 j - 3 fruits


   Skills:
 - Level 2.4 Dodging
 - Level 2.4 Stealth
 + Level 4.4 Spellcasting
 * Level 6.3 Conjurations


You had 8 spell levels left.
You knew the following spells:

 Your Spells              Type           Power        Failure   Level  Hunger
a - Magic Dart            Conj           ####         1%          1    None
b - Searing Ray           Conj           ####..       1%          2    #......


Dungeon Overview and Level Annotations

Branches:
Dungeon (4/15)
 Temple: D:4-7

Altars:
Sif Muna
Uskayaw

Annotations:
D:4 Pikel


Message History

The helpless Pikel fails to defend himself.
You hit Pikel.
Pikel is heavily wounded.
The helpless Pikel fails to defend himself.
You hit Pikel.
You feel better.
Pikel is heavily wounded.
The helpless Pikel fails to defend himself.
You hit Pikel.
Pikel is heavily wounded.
The helpless Pikel fails to defend himself.
You hit Pikel. You drain Pikel!
Pikel is severely wounded.
The helpless Pikel fails to defend himself.
You hit Pikel. You drain Pikel!
Pikel is almost dead.
The helpless Pikel fails to defend himself.
You hit Pikel but do no damage.
Pikel is almost dead.
Pikel is no longer paralysed.
Pikel hits you with a whip of freezing!
You die...

,,* *,,,,,,,,,,***,*
*,*,*,,,,*
,,***,*****#..,..#,*
*,*,******
,,,,,,,,,,,#..##.#,***,*,*
,,,**,*,,*,*.....#,,,,,*,*
,,***,*,,*,*,....#******,*
,,,,*,*,,*,*,,..$# *,*
,**,,,,,,*,*,,,..# *,*
,,,,*,,,,,,,,,,#.# ****,*
,,,,,,,..*,*,**#@# *,,,,*
,,,,,,,#.#,,,* #K# *,****
*******#.#######p###*,* ,*
#.#.pK).....#*,* ,*
#.#.#####.#.#*,* ,* #.#.#
#.#.#*,*
,#######.#.#####.#,#*,*
,.............##..,,*,*
*#######....[.#.##***,*


You could see Pikel and a slave.

Vanquished Creatures
  A slave (D:3)
  A hound (D:4)
  Crazy Yiuf (D:3)
  4 adders
  2 worms (D:2)
  7 orcs
  3 bats
  A giant cockroach (D:4)
  A goblin (D:2)
  2 hobgoblins
  A ball python (D:3)
  A giant newt (D:1)
  2 kobolds
  3 rats
30 creatures vanquished.

Notes
Turn   | Place    | Note
-------+----------+-------------------------------------------
     0 | D:1      | PurpleRed the Deep Elf Conjurer began the quest for the Orb.
     0 | D:1      | Reached XP level 1. HP: 10/10 MP: 6/6
   135 | D:2      | Reached XP level 2. HP: 15/15 MP: 1/8
   139 | D:2      | Learned a level 2 spell: Searing Ray
   245 | D:2      | Reached skill level 5 in Conjurations
   264 | D:2      | Found a faded altar of an unknown god.
   349 | D:3      | Reached XP level 3. HP: 18/19 MP: 6/10
   351 | D:3      | Found a deep blue altar of Sif Muna.
   427 | D:4      | Noticed Pikel
   427 | D:4      | Noticed a slave
   427 | D:4      | Noticed a slave
   427 | D:4      | Noticed a slave
   427 | D:4      | Noticed a slave
   446 | D:3      | Killed a slave
   563 | D:3      | Found a runed door.
   567 | D:3      | Noticed Crazy Yiuf
   571 | D:3      | Killed Crazy Yiuf
   571 | D:3      | Reached XP level 4. HP: 14/24 MP: 7/12
   834 | D:4      | Found a hide-covered altar of Uskayaw.
   911 | D:4      | Reached skill level 6 in Conjurations
   988 | D:4      | Slain by Pikel

Vault maps used:
D:1:      lightli_arrival_lavapool, serial_glass, glass_columns_c,
          glass_columns_c
D:2:      ecumenical_altar_1, uniq_jessica
D:3:      lemuel_crystal_altar, serial_forest, infiniplex_forest_clump_double,
          infiniplex_forest_clump_curved, infiniplex_forest_zigzag_1,
          infiniplex_forest_lined_3, infiniplex_forest_end_3,
          minmay_misc_feat_pillars, uniq_crazy_yiuf_cottage
D:4:      overflow_temple_1_default, first_bread, uniq_pikel

Skill      XL: |  1  2  3  4 |
---------------+-------------+-----
Conjurations   | 5 6 |  6.3
Spellcasting   | 4 |  4.4
Dodging        | |  2.4
Stealth        | |  2.4

Action                   |  1- 3 |  4- 6 || total
-------------------------+-------+-------++-------
Melee: Short sword       |    10 |       ||    10
       Quarterstaff      |       |    11 ||    11
 Cast: Magic Dart        |    22 |     7 ||    29
       Searing Ray       |     7 |     4 ||    11
Evoke: Wand              |       |     3 ||     3
  Use: Scroll            |       |     7 ||     7
 Stab: Paralysed         |       |     9 ||     9
Armor: Robe              |     8 |     1 ||     9
Dodge: Dodged            |    22 |     2 ||    24
